 Dungeon Crawl Stone Soup version 0.31.0-9-g3a7656b989 (webtiles) character file.

Game seed: 2212330110733859757

796 Colgate the Chopper (level 7, 0/50 HPs)
             Began as an Armataur Hedge Wizard on Jan 27, 2024.
             Was an Initiate of Okawaru.
             Slain by a water moccasin (3 damage)
             ... on level 6 of the Dungeon on Jan 28, 2024.
             The game lasted 00:15:15 (5093 turns).

Colgate the Chopper (Armataur Hedge Wizard)         Turns: 5093, Time: 00:15:16

Health: 0/50       AC:  9    Str: 17    XL:     7   Next: 58%
Magic:  11/11      EV:  8    Int: 14    God:    Okawaru [......]
Gold:   92         SH:  0    Dex: 10    Spells: 10/11 levels left

rFire   . . .        a - +2 war axe
rCold   . . .        (no shield)
rNeg    . . .        l - +1 ring mail
rPois   .            c - +2 hat
rElec   .            (no cloak)
rCorr   .            (no gloves)
SInv    .            (no barding)
Will    .....        (no amulet)
Stlth   +            (no ring)
HPRegen 0.28/turn    (no ring)
MPRegen 0.12/turn

%: roll
@: mighty, lethally poisoned (0 -> -7)
A: large, deformed body, tough skin 3, armoured tail, roll 2
a: Renounce Religion


You were on level 6 of the Dungeon.
You worshipped Okawaru.
Okawaru was noncommittal.
You visited 1 branch of the dungeon, and saw 6 of its levels.
You also visited: Ossuary.

You collected 254 gold pieces.
You spent 162 gold pieces at shops.

Inventory:

Hand Weapons
 a - a +2 war axe (weapon)
Missiles
 b - 8 poisoned darts
Armour
 c - a +2 hat (worn)
 l - a +1 ring mail (worn)
Wands
 r - a wand of quicksilver (15) {@v1}
 t - a wand of mindburst (15)
 x - a wand of charming (5)
Scrolls
 g - 3 scrolls of fog
 j - 2 scrolls of summoning
 k - 2 scrolls of fear
 m - a scroll of vulnerability
 o - a scroll of torment
 p - 6 scrolls of teleportation {@r3}
 u - a scroll of blinking {@r4}
 y - a scroll of revelation
 A - 3 scrolls of poison
 B - a scroll of brand weapon {unknown}
 C - a scroll of amnesia {unknown}
Potions
 d - 2 potions of magic
 e - 2 potions of enlightenment {unknown}
 f - 3 potions of brilliance {unknown}
 h - 2 potions of might {@q3}
 i - a potion of attraction {unknown}
 n - 2 potions of lignification {unknown}
 q - 4 potions of heal wounds {unknown}
 s - a potion of haste {unknown}


   Skills:
 + Level 6.5 Axes
 - Level 3.0 Armour
 - Level 1.3 Dodging
 - Level 2.1 Stealth
 - Level 2.6 Spellcasting
 - Level 0.8 Conjurations
 - Level 0.7 Summonings
 - Level 1.0 Translocations
 - Level 1.1 Evocations


You had 10 spell levels left.
You knew the following spells:

 Your Spells              Type           Power      Damage    Failure   Level
a - Magic Dart            Conj           16%        1d3       28%         1

Your spell library contained the following spells:

 Spells                   Type           Power      Damage    Failure   Level
 Slow                     Hex            4%         N/A       36%         1
 Blink                    Tloc           8%         N/A       36%         2
 Cigotuvi's Dreadful Rot  Necr/Alch/Air  2%         N/A       52%         2
 Mephitic Cloud           Conj/Alch/Air  2%         N/A       71%         3
 Confusing Touch          Hex            1%         N/A       75%         3
 Sigil of Binding         Hex            1%         N/A       75%         3
 Vampiric Draining        Necr           1%         2d6       75%         3
 Call Imp                 Summ           Unusable   N/A       N/A         2

Dungeon Overview and Level Annotations

Branches:
Dungeon (6/15)            Ossuary (visited)
 Temple: D:4-7

Altars:
Ashenzari
Gozag
Hepliaklqana
Okawaru
Trog
The Shining One

Shops:
D:1 *

Annotations:
D:3 ogre
D:5 1 transporter


Innate Abilities, Weirdness & Mutations

Armour fits poorly on your strangely shaped body.
You have extremely tough skin. (AC +3)
You have a long armoured tail.
You regenerate magic and health when rolling toward enemies. (Rampage Regen)


Message History

You hit the water moccasin.
The water moccasin completely misses you.
The scorpion stings you but does no damage.
You slash the scorpion! You hit the water moccasin.
The water moccasin bites you.
The scorpion stings you but does no damage.
The water moccasin bites you.
You hit the scorpion. You closely miss the water moccasin.
The scorpion closely misses you. The water moccasin bites you.
The scorpion stings you but does no damage.
You open the door.
The water moccasin bites you but does no damage.
The water moccasin bites you.
* * * LOW HITPOINT WARNING * * *
The scorpion stings you but does no damage.
The water moccasin bites you.
* * * LOW HITPOINT WARNING * * *
The scorpion attacks as it pursues you!
The scorpion stings you but does no damage.
There is an open door here.
The water moccasin attacks as it pursues you!
The water moccasin closely misses you.
An orc priest comes into view. It is wielding a +0 short sword.
The water moccasin closely misses you.
You barely miss the water moccasin.
The orc priest shouts!
You tail-slap the water moccasin!
The water moccasin bites you but does no damage.
You slash the water moccasin!
The water moccasin bites you but does no damage.
An orc breaks down the door.
The water moccasin bites you!
* * * LOW HITPOINT WARNING * * *
You are lethally poisoned!
The water moccasin poisons you!
It was a potion of might.
You feel very mighty all of a sudden.
* * * LOW HITPOINT WARNING * * *
You feel very sick. The water moccasin bites you.
You die...

* *,*
#####.##...##.♣****
* *,*
#.######*,,*,** *
*,* #.# **,,,**
**** *,* #.# **,,,,
,,,* *,*
#####.#*******,,,*,
**,* *,*
#....[##,,,,,,,,,,,
**,* *,*
#.≈≈.≈≈#,*****,,,*,
,,,* ***,*
#.≈#o#≈#.## **,***
**** *,,,*
#.@Ssoo...#****,***
*,***
##≈#'#≈.....,,,,,,,
*,*
#≈≈,≈≈...##***,***
*,* ###.,...##
*,*** *,* *##*#.#
*,,,, *,* *,# ****,
*,*************,*
*,
*,*,,~,,,,,~,,*,*
*,
*,*,**~~~~~**,*,*
*,


You could see a water moccasin, a scorpion, an orc priest and 2 orcs.

Vanquished Creatures
  A black bear (D:5)
  An ice beast (D:5)
  A weeping skull (Ossuary)
  4 scorpions
  A burial acolyte (Ossuary)
  A centaur zombie (Ossuary)
  2 hounds
  A bombardier beetle (D:4)
  An orc wizard (D:6)
  An iguana (D:5)
  3 mummies (Ossuary)
  3 gnolls (D:3)
  3 adders
  2 dart slugs
  5 ribbon worms (D:2)
  6 orcs (D:5)
  2 bats (D:1)
  6 endoplasms
  2 giant cockroaches
  A gnoll zombie (Ossuary)
  3 goblins
  12 hobgoblins
  4 kobolds
  A quokka (D:2)
  9 ball pythons
  4 frilled lizards (D:2)
  4 kobold zombies (Ossuary)
  2 orc zombies (Ossuary)
  3 rats
89 creatures vanquished.

Notes
Turn   | Place    | Note
-------+----------+-------------------------------------------
     0 | D:1      | Colgate the Armataur Hedge Wizard began the quest for the
                  | Orb.
     0 | D:1      | Reached XP level 1. HP: 14/14 MP: 4/4
   227 | D:1      | Found a faded altar of an unknown god.
   263 | D:1      | Found Addud's General Store.
   312 | D:1      | Reached skill level 1 in Axes
   375 | D:1      | Reached XP level 2. HP: 18/20 MP: 3/5
  1542 | D:1      | Bought a +0 leather armour for 26 gold pieces
  1553 | D:1      | Bought a potion of curing for 39 gold pieces
  1592 | D:2      | Reached skill level 2 in Axes
  1655 | D:2      | Reached XP level 3. HP: 26/26 MP: 7/7
  2203 | D:2      | Reached skill level 3 in Axes
  2293 | D:3      | Reached XP level 4. HP: 33/33 MP: 8/8
  2420 | D:3      | Found a broken altar of Ashenzari.
  2588 | D:3      | Noticed a scorpion
  2592 | D:3      | Killed a scorpion
  2593 | D:3      | Reached skill level 4 in Axes
  2593 | D:3      | Reached XP level 5. HP: 28/38 MP: 9/9
  2800 | D:1      | Bought a scroll of enchant weapon for 97 gold pieces
  3382 | D:4      | Noticed an ogre
  3580 | D:4      | Reached skill level 1 in Armour
  3847 | D:4      | Reached skill level 1 in Evocations
  3847 | D:4      | Reached XP level 6. HP: 28/45 MP: 10/10
  4377 | D:5      | Entered Level 5 of the Dungeon
  4388 | D:5      | Found a bloodstained altar of Trog.
  4388 | D:5      | Found an opulent altar of Gozag.
  4394 | D:5      | Noticed an ice beast
  4401 | D:5      | Killed an ice beast
  4443 | D:5      | Reached skill level 5 in Axes
  4525 | D:5      | Found a hazy altar of Hepliaklqana.
  4527 | D:5      | Found a glowing golden altar of the Shining One.
  4560 | D:5      | Became a worshipper of the Shining One
  4592 | D:5      | Found a sand-covered staircase.
  4601 | Ossuary  | Entered an ossuary
  4652 | Ossuary  | Gained mutation: You regenerate magic and health when
                  | rolling toward enemies. (Rampage Regen) [Armataur growth]
  4652 | Ossuary  | Reached XP level 7. HP: 38/50 MP: 11/11
  4880 | Ossuary  | Reached * piety under the Shining One
  4909 | Ossuary  | Reached skill level 6 in Axes
  5018 | D:5      | Found a transporter.
  5066 | D:6      | Found an iron altar of Okawaru.
  5071 | D:6      | Fell from the grace of the Shining One
  5071 | D:6      | Became a worshipper of Warmaster Okawaru
  5093 | D:6      | Slain by a water moccasin

Illustrated notes

Levels and vault maps discovered:
D:1:      dpeg_arrival_water_fire, layout_basic, basic_ecumenical_altar,
          serial_shops, shop_statue
D:2:      layout_rooms, chequers_serial_rivers_room_b
D:3:      layout_loops_ring, mainiacjoe_overflow_24_doors, patterned_corridor
D:4:      layout_gridville
D:5:      gammafunk_cloud_chamber, layout_rooms, cheibriados_altar_1,
          minitemple, nicolae_ossuary_entry_ruins, serial_shops, shop,
          chequers_serial_rivers_small_b, minmay_misc_feat_plants,
          lemuel_flamethrower_2
D:6:      layout_loops_ring, kennysheep_mini_moat,
          cheibrodos_sewer_entry_sluice, serial_shops, shop,
          nicolae_shop_peninsula

Skill      XL: |  1  2  3  4  5  6  7 |
---------------+----------------------+-----
Axes           | 1 2 3 4 5 6 |  6.5
Armour         | 3 |  3.0
Evocations     | 1 |  1.1
Dodging        | |  1.3
Stealth        | |  2.1
Spellcasting   | |  2.6
Conjurations   | |  0.8
Summonings     | |  0.7
Translocations | |  1.0

Action                     |  1- 3 |  4- 6 |  7- 9 || total
---------------------------+-------+-------+-------++-------
  Melee: War axe           |   114 |   150 |    41 ||   305
         Tailslap          |    11 |    19 |     6 ||    36
         Punch             |     1 |       |       ||     1
   Cast: Magic Dart        |     7 |       |       ||     7
    Use: Scroll            |     2 |     7 |     5 ||    14
         Potion            |       |     1 |     3 ||     4
   Stab: Sleeping          |     7 |       |       ||     7
 Armour: Robe              |    29 |       |       ||    29
         Leather armour    |    22 |       |       ||    22
         Ring mail         |    33 |   143 |    63 ||   239
  Dodge: Dodged            |    52 |    78 |    27 ||   157
